 Dungeon Crawl Stone Soup version 0.30-a0-377-g5cb311bc9f (webtiles) character file.

Game seed: 1210037634492642173

506 qeuew the Shield-Bearer (level 7, -7/55 HPs)
             Began as a Formicid Fighter on Nov 29, 2022.
             Mangled by an orc warrior
             ... wielding a +0 long sword
              (10 damage)
             ... on level 5 of the Dungeon.
             The game lasted 00:04:22 (3385 turns).

qeuew the Shield-Bearer (Formicid Fighter)          Turns: 3385, Time: 00:04:23

Health: -7/55      AC:  8    Str: 20    XL:     7   Next: 41%
Magic:  0/7        EV: 10    Int:  8    God:
Gold:   330        SH:  5    Dex: 15    Spells: 6/6 levels left

rFire   . . .      SeeInvis +    a - +0 war axe (freeze)
rCold   . . .      Faith    .    c - +0 buckler
rNeg    . . .      Spirit   +    b - +1 scale mail
rPois   .          Reflect  .    (helmet unavailable)
rElec   .          Harm     .    (no cloak)
rCorr   .          Rampage  .    (no gloves)
Will    +....                    (no boots)
Stlth   ..........               i - amulet of guardian spirit
HPRegen 0.29/turn                f - ring of willpower
MPRegen 0.10/turn                (no ring)

@: no status effects
A: permanent stasis, dig shafts and tunnels, antennae 3, four strong arms
a: Dig, Shaft Self


You were on level 5 of the Dungeon.
You visited 1 branch of the dungeon, and saw 5 of its levels.

You collected 330 gold pieces.

Inventory:

Hand Weapons
 a - a +0 war axe of freezing (weapon)
Armour
 b - a +1 scale mail (worn)
 c - a +0 buckler (worn)
Jewellery
 f - a ring of willpower (left hand)
 i - an amulet of guardian spirit (around neck)
Wands
 l - a wand of iceblast (5)
 m - a wand of flame (14)
 o - a wand of digging (4)
Scrolls
 d - a scroll of fear {unknown}
 h - a scroll of brand weapon
Potions
 e - a potion of cancellation
 g - a potion of resistance
 j - a potion of curing
 n - a potion of brilliance


   Skills:
 + Level 4.6 Fighting
 + Level 3.6 Axes
 + Level 4.7 Armour
 + Level 2.6 Dodging
 + Level 5.6 Shields
 + Level 2.1 Evocations


You had 6 spell levels left.
You didn't know any spells.
Your spell library contained the following spells:

 Spells                   Type           Power      Damage    Failure   Level
 Slow                     Hex            0%         N/A       82%         1
 Confusing Touch          Hex            0%         N/A       99%         3
 Frozen Ramparts          Ice            0%         1d1       99%         3
 Vampiric Draining        Necr           0%         2d6       99%         3
 Ice Form                 Ice/Tmut       0%         N/A       100%        4
 Summon Ice Beast         Ice/Summ       0%         N/A       100%        4


Dungeon Overview and Level Annotations

Branches:
Dungeon (5/15)
 Temple: D:4-7

Altars:

Annotations:
D:5 Eustachio


Innate Abilities, Weirdness & Mutations

You cannot be hasted, slowed, berserked, paralysed or teleported.
You can dig through walls and to a lower floor.
You have a pair of large antennae on your head. (SInv)
Your four strong arms can wield two-handed weapons with a shield.


Message History

The orc completely misses you.
The orc warrior hits you but does no damage.
Unknown command.
Okay, then.
You feel better.
The black bear bites you but does no damage.
The black bear claws you but does no damage.
The black bear claws you.
* * * LOW HITPOINT WARNING * * *
The orc hits you but does no damage. The orc warrior closely misses you.
Unknown command.
The orc attacks as you move away! The orc barely misses you.
Eustachio and a jackal come into view.
The orc attacks as you move away! You block the orc's attack.
The orc warrior hits you with a +0 long sword!
* * * LOW HITPOINT WARNING * * *
Eustachio hits you but does no damage.
The orc warrior attacks as you move away!
The orc warrior misses you.
The sentinel's mark upon you fades away.
You block the jackal's attack. Eustachio hits you with a +0 falchion.
* * * LOW HITPOINT WARNING * * *
The jackal bites you but does no damage.
The jackal bites you but does no damage.
Eustachio gestures wildly while chanting.
Eustachio blinks!
The jackal barely misses you. The jackal closely misses you.
The orc attacks as you move away! The orc hits you but does no damage.
Unknown command.
The orc attacks as you move away! The orc hits you with a +0 club.
* * * LOW HITPOINT WARNING * * *
You hit the jackal but do no damage.
The jackal bites you but does no damage.
You block the jackal's attack.
You hit the jackal. You freeze the jackal.
You kill the jackal!
You hit the orc warrior. You freeze the orc warrior.
The orc warrior is moderately wounded.
The orc warrior hits you with a +0 long sword!
You die...

[....# .....#
###... .....#
###### # . .#
##################
### #.#
#..@oS@...........
..# #..
#..##o..#†)).####.
#.#)#
#.###...#....# #.#
#.###..##....#
#.##.
#......###.....$
#.##.# #.....##
#../#.... #.##.#
#..@### #.[.#....
#.##.# #.####
##..# ... #.##^#
#....#### ..# #.


You could see Eustachio, an orc warrior, an adder and an orc.

Vanquished Creatures
  An ogre (D:5)
  A phantom (D:5)
  2 jellies (D:5)
  An orc priest (D:5)
  A gnoll bouda (D:5)
  Ijyb (D:5)
  An iguana (D:5)
  A gnoll (D:5)
  8 adders
  A white imp (D:5)
  4 dart slugs
  5 orcs
  6 ball pythons
  8 endoplasms
  4 giant cockroaches
  8 hobgoblins
  A jackal (D:5)
  6 kobolds
  3 quokkas
  5 bats
  4 frilled lizards
  12 goblins
  2 rats
86 creatures vanquished.

Notes
Turn   | Place    | Note
-------+----------+-------------------------------------------
     0 | D:1      | qeuew the Formicid Fighter began the quest for the Orb.
     0 | D:1      | Reached XP level 1. HP: 18/18 MP: 1/1
   109 | D:1      | Reached XP level 2. HP: 21/24 MP: 2/2
   369 | D:1      | Reached XP level 3. HP: 26/29 MP: 3/3
   706 | D:1      | Reached skill level 1 in Dodging
  1149 | D:2      | Reached XP level 4. HP: 18/37 MP: 4/4
  1732 | D:3      | Reached XP level 5. HP: 42/42 MP: 5/5
  3183 | D:5      | Entered Level 5 of the Dungeon
  3262 | D:5      | Reached skill level 5 in Shields
  3273 | D:5      | Noticed Ijyb
  3283 | D:5      | Killed Ijyb
  3284 | D:5      | Reached skill level 1 in Evocations
  3284 | D:5      | Reached XP level 6. HP: 36/48 MP: 3/6
  3308 | D:5      | Noticed an ogre
  3328 | D:5      | Killed an ogre
  3329 | D:5      | Reached XP level 7. HP: 26/55 MP: 5/7
  3376 | D:5      | Noticed Eustachio
  3382 | D:5      | HP: 2/55 [orc/+0 club (2)]
  3385 | D:5      | Mangled by an orc warrior

Illustrated notes

Levels and vault maps discovered:
D:1:      psy_arrival_whirlpool, layout_loops_ring
D:2:      layout_loops_cross, minmay_tetromino_t4
D:3:      layout_basic, chequers_arboretum
D:4:      layout_cave_pools
D:5:      minmay_recursive_quarters, layout_loops_ring,
          mainiacjoe_overflow_alcove_1, portal_sewer_entry_d, uniq_ijyb,
          uniq_eustachio

Skill      XL: |  1  2  3  4  5  6  7 |
---------------+----------------------+-----
Dodging        | 1 2 |  2.6
Fighting       | 4 |  4.6
Armour         | 4 |  4.7
Axes           | 3 |  3.6
Shields        | 5 |  5.6
Evocations     | 1 2 |  2.1

Action                   |  1- 3 |  4- 6 |  7- 9 || total
-------------------------+-------+-------+-------++-------
Melee: War axe           |   103 |   134 |    16 ||   253
  Use: Scroll            |     3 |     7 |       ||    10
       Potion            |     1 |     3 |     2 ||     6
Armor: Scale mail        |    38 |    57 |    20 ||   115
Dodge: Dodged            |    56 |    70 |    25 ||   151
Block: Buckler           |    36 |    44 |    12 ||    92

Table legend: (Time is in decaauts)
 A = Elapsed time spent in this place.
 B = Non-inter-level travel time spent in this place.
 C = Inter-level travel time spent in this place.
 D = Time resting spent in this place.
 E = Time spent auto-exploring this place.
 F = Levels seen in this place.
 G = Mean time per level.
                   A        B        C        D        E       F      G
               +--------+--------+--------+--------+--------+-----+--------+
         Total |   3486 |   3268 |    218 |    100 |   2458 |   5 |  697.2 |
       Dungeon |   3486 |   3268 |    218 |    100 |   2458 |   5 |  697.2 |
               +--------+--------+--------+--------+--------+-----+--------+

Top non-repeatable levels by time:
     D:3: 980 daAuts
     D:1: 877 daAuts
     D:2: 783 daAuts
     D:4: 625 daAuts
     D:5: 220 daAuts
